 Dungeon Crawl Stone Soup version 0.30-a0-457-g4b7bca3bfa (webtiles) character file.

Game seed: 18411771376415672385

46322 Mitcholas the Marksspriggan (level 14, -11/75 HPs)
             Began as a Spriggan Hunter on Dec 9, 2022.
             Was the Champion of Okawaru.
             Engulfed by a fire crab's flame (16 damage)
             ... on level 5 of the Lair of Beasts on Dec 13, 2022.
             The game lasted 01:07:42 (16044 turns).

Mitcholas the Marksspriggan (Spriggan Hunter)      Turns: 16044, Time: 01:07:42

Health: -11/75     AC: 10    Str: 11    XL:     14   Next: 4%
Magic:  21/21      EV: 37    Int: 10    God:    Okawaru [******]
Gold:   944        SH:  0    Dex: 33    Spells: 13/13 levels left

rFire   . . .      SeeInvis +    b - +8 falchion of Akhluajil {freeze, Will- Str+4 Dex+3}
rCold   . . .      Faith    .    (no shield)
rNeg    . . .      Spirit   .    w - +4 troll leather armour
rPois   +          Reflect  .    A - +2 hat
rElec   .          Harm     .    v - scarf {+Inv}
rCorr   .          Rampage  .    (gloves unavailable)
Will    +....                    (boots unavailable)
Stlth   +++++.....               (no amulet)
HPRegen 1.12/turn                K - ring of poison resistance
MPRegen 0.17/turn                L - +6 ring of dexterity

@: studying Shields, very quick
A: very small, no large weapons, unfitting armour, see invisible, speed 3
a: Renounce Religion, Evoke Invisibility, Heroism, Finesse, Duel


You were on level 5 of the Lair of Beasts.
You worshipped Okawaru.
Okawaru was exalted by your worship.
You visited 3 branches of the dungeon, and saw 16 of its levels.
You also visited: Ossuary and Bailey.

You collected 944 gold pieces.

Inventory:

Hand Weapons
 b - the +8 falchion of Akhluajil (weapon) {freeze, Will- Str+4 Dex+3}
   (You found it on level 3 of the Dungeon)

   It freezes those it strikes, dealing additional cold damage.
   It can also slow down cold-blooded creatures.
   Str:       It affects your strength (+4).
   Dex:       It affects your dexterity (+3).
   Will:      It decreases your willpower.
 c - the +3 arbalest of Yeast {penet, Int+3}
   (You acquired it on level 8 of the Dungeon)

   Any ammunition fired by it passes through the targets it hits, potentially
   hitting all targets in its path until it reaches maximum range.
   Int:       It affects your intelligence (+3).
 P - a +9 vorpal arbalest
Missiles
 i - a curare-tipped dart (quivered)
 k - 32 poisoned darts
Armour
 v - a scarf of invisibility (worn)
 w - a +4 troll leather armour (worn)
 A - a +2 hat (worn)
Jewellery
 d - a ring of resist corrosion
 F - a ring of flight
 K - a ring of poison resistance (left hand)
 L - a +6 ring of dexterity (right hand)
 M - a ring of positive energy
Wands
 x - a wand of iceblast (6)
 H - a wand of polymorph (24)
 J - a wand of flame (46)
 N - a wand of paralysis (6)
Scrolls
 g - 8 scrolls of enchant weapon
 j - a scroll of silence
 o - a scroll of poison
 p - 3 scrolls of identify
 r - 8 scrolls of teleportation
 u - 5 scrolls of magic mapping
 y - 2 scrolls of immolation
 z - 2 scrolls of enchant armour
 D - a scroll of fog
 E - 2 scrolls of amnesia
 O - a scroll of blinking {unknown}
Potions
 a - 2 potions of resistance
 e - a potion of cancellation
 f - 3 potions of brilliance
 h - 4 potions of mutation
 l - 2 potions of invisibility
 m - 7 potions of curing
 n - 4 potions of attraction
 q - 5 potions of might
 s - 4 potions of flight
 t - 4 potions of lignification
 B - 4 potions of heal wounds
 C - a potion of magic
 G - 6 potions of haste
 I - 8 potions of ambrosia
Miscellaneous
 Q - a lightning rod (4/4)


   Skills:
 + Level 9.0 Fighting
 * Level 15.0 Ranged Weapons
 - Level 2.0 Armour
 + Level 14.3 Dodging
 - Level 10.0 Stealth
 + Level 8.7 Invocations
 - Level 10.0 Evocations


You had 13 spell levels left.
You didn't know any spells.
Your spell library contained the following spells:

 Spells                   Type           Power      Damage    Failure   Level
 Foxfire                  Conj/Fire      0%         2x1d4     45%         1
 Ensorcelled Hibernation  Hex/Ice        0%         N/A       58%         2
 Passwall                 Tmut/Erth      0%         N/A       58%         2
 Dazzling Flash           Conj/Hex       0%         N/A       83%         3
 Portal Projectile        Hex/Tloc       0%         N/A       83%         3
 Spider Form              Tmut/Pois      0%         N/A       83%         3
 Swiftness                Air            0%         N/A       83%         3
 Anguish                  Hex/Necr       0%         N/A       99%         4
 Agony                    Necr           0%         N/A       100%        5
 Blade Hands              Tmut           0%         N/A       100%        5
 Fireball                 Conj/Fire      0%         3d3       100%        5
 Silence                  Hex/Air        0%         N/A       100%        5
 Starburst                Conj/Fire      0%         6d3       100%        6
 Tukima's Dance           Hex            Unusable   N/A       N/A         3

Dungeon Overview and Level Annotations

Branches:
Dungeon (10/15)            Temple (1/1) D:6            Lair (5/5) D:8
 Shoals (0/4) Lair:2        Snake (0/4) Lair:3          Orc (0/2) D:10
Ossuary (visited)          Bailey (visited)
  Slime: Lair:4-5

Altars:
Ashenzari
Cheibriados
Dithmenos
Elyvilon
Fedhas
Gozag
Hepliaklqana
Kikubaaqudgha
Makhleb
Nemelex Xobeh
Okawaru
Qazlal
Ru
Sif Muna
Trog
Uskayaw
Vehumet
Wu Jian
Xom
Yredelemnul
Zin
The Shining One


Innate Abilities, Weirdness & Mutations

You are very small and have problems with some larger weapons.
You are too small for most types of armour.
You have supernaturally acute eyesight. (SInv)
You cover ground extremely quickly. (Speed+++)


Message History

You slash the fire crab! You freeze the fire crab.
The fire crab is moderately wounded.
The fire crab breathes flames at you. The blast of flame misses you.
You hit the fire crab. You freeze the fire crab.
The fire crab is moderately wounded.
You are engulfed in blazing flames.
The plant is engulfed in blazing flames.
The plant begins to die.
The fire crab breathes flames at you. The blast of flame engulfs you.
The fire crab completely misses you. The fire crab misses you.
You slash the fire crab! You freeze the fire crab.
The fire crab is severely wounded.
You are engulfed in blazing flames.
The plant is engulfed in blazing flames.
The fire crab breathes flames at you.
The blast of flame engulfs you but does no damage.
You hit the fire crab. You freeze the fire crab.
The fire crab is severely wounded.
The fire crab completely misses you. x2
You hit the fire crab but do no damage.
The fire crab is severely wounded.
A nearby plant withers and dies.
The fire crab breathes flames at you. The blast of flame misses you.
The fire crab closely misses you. The fire crab completely misses you.
You hit the fire crab. You freeze the fire crab.
The fire crab is severely wounded.
You are engulfed in blazing flames.
* * * LOW HITPOINT WARNING * * *
The fire crab bites you.
* * * LOW HITPOINT WARNING * * *
You are engulfed in flames!
* * * LOW HITPOINT WARNING * * *
The fire crab completely misses you.
You hit the fire crab but do no damage.
The fire crab is severely wounded.
You are engulfed in blazing flames.
You die...

##. ##...P#..#..
#.. ##.......#
#.. ##.#.#..#.
#..# #...P....
#..## ##...)....
#.....
#.....##..
#.#°.##....P....
#..t#°........#
#..°@#..P..##..
#..°°###.#......
##.°# ........
#... P........
#... #.......#
##.P ..P..P. ##
..P...


You could see a fire crab.

Vanquished Creatures
  3 hydras
  2 boulder beetles (D:10)
  3 two-headed ogres
  9 death yaks
  A skeletal warrior (D:9)
  A wizard (D:10)
  3 oklob plants (Lair:1)
  2 cyclopes (D:10)
  A manticore (D:10)
  2 ugly things (D:10)
  18 elephants
  A merfolk siren (Lair:2)
  8 black mambas
  7 cane toads
  An unseen horror (D:10)
  A torpor snail (Lair:2)
  7 komodo dragons
  2 trolls (D:10)
  A queen bee (Lair:1)
  A slime creature (D:10)
  A polar bear (Lair:4)
  6 blink frogs (Lair:5)
  Sigmund (D:5)
  7 wyverns
  3 wraiths
  Grum (D:9)
  25 yaks
  6 basilisks
  A steam dragon (D:7)
  3 vampire mosquitoes (Lair:5)
  22 water moccasins
  An acid dragon (D:9)
  An ice beast (D:7)
  12 orc warriors
  2 sky beasts
  2 black bears
  2 ogres
  13 wolves
  5 centaurs
  3 kobold brigands
  18 bullfrogs
  A necrophage (D:8)
  A gnoll sergeant (D:8)
  8 scorpions
  A wight (D:8)
  25 killer bees
  4 howler monkeys
  An electric eel (Lair:5)
  8 jellies
  2 gnoll boudas (D:9)
  9 orc priests
  A human zombie (Ossuary)
  3 iguanas
  12 orc wizards
  4 mummies
  10 gnolls
  9 adders
  A shadow imp (D:6)
  A white imp (D:7)
  An ufetubus (D:5)
  2 dart slugs (D:3)
  72 orcs
  13 ball pythons
  21 endoplasms
  7 giant cockroaches
  12 goblins
  8 hobgoblins
  4 jackals (D:1)
  2 quokkas
  4 bats
  5 frilled lizards
  A goblin zombie (Ossuary)
  A hobgoblin zombie (Ossuary)
  19 kobolds
  4 kobold zombies (Ossuary)
  5 rats
491 creatures vanquished.

Vanquished Creatures (others)
  49 fungi
  83 plants
132 creatures vanquished.

Grand Total: 623 creatures vanquished

Notes
Turn   | Place    | Note
-------+----------+-------------------------------------------
     0 | D:1      | Mitcholas the Spriggan Hunter began the quest for the Orb.
     0 | D:1      | Reached XP level 1. HP: 10/10 MP: 2/2
    81 | D:1      | Reached XP level 2. HP: 15/15 MP: 3/3
   420 | D:1      | Reached XP level 3. HP: 18/18 MP: 4/4
  1515 | D:2      | Reached XP level 4. HP: 23/23 MP: 5/5
  2063 | D:3      | Found a faded altar of an unknown god.
  2286 | D:3      | Reached skill level 5 in Ranged Weapons
  2379 | D:3      | Identified the +8 falchion of Akhluajil {freeze, Will-
                  | Str+4 Dex+3}
  2516 | D:3      | Noticed a sky beast
  2547 | D:3      | Killed a sky beast
  2548 | D:3      | Reached XP level 5. HP: 27/27 MP: 6/6
  2751 | D:4      | Found a sand-covered staircase.
  2816 | Ossuary  | Entered an ossuary
  2816 | Ossuary  | Noticed a wraith
  2816 | Ossuary  | Noticed a wraith
  2816 | Ossuary  | Noticed a wraith
  2832 | Ossuary  | Reached XP level 6. HP: 32/32 MP: 7/7
  3004 | Ossuary  | Noticed a wraith
  3011 | Ossuary  | Killed a wraith
  3012 | Ossuary  | Reached skill level 6 in Ranged Weapons
  3050 | Ossuary  | Reached skill level 5 in Stealth
  3313 | D:4      | Reached skill level 5 in Dodging
  3313 | D:4      | Reached XP level 7. HP: 36/36 MP: 8/8
  4012 | D:5      | Entered Level 5 of the Dungeon
  4086 | D:5      | Found a glowing golden altar of the Shining One.
  4133 | D:5      | Reached skill level 7 in Ranged Weapons
  4136 | D:5      | Identified the +6 morningstar of Mube {venom, rPois Dex+3}
  4213 | D:5      | Reached XP level 8. HP: 42/42 MP: 9/9
  4314 | D:5      | Noticed Sigmund
  4319 | D:5      | Killed Sigmund
  4822 | D:6      | Found a staircase to the Ecumenical Temple.
  4831 | Temple   | Entered the Ecumenical Temple
  5383 | D:7      | Found a basalt altar of Yredelemnul.
  5605 | D:7      | Reached skill level 8 in Ranged Weapons
  5751 | D:7      | Found a white marble altar of Elyvilon.
  5765 | D:7      | Found a hide-covered altar of Uskayaw.
  5809 | D:7      | Reached XP level 9. HP: 42/46 MP: 10/10
  5885 | D:7      | Found a bloodstained altar of Trog.
  5887 | D:7      | Found a snail-covered altar of Cheibriados.
  5887 | D:7      | Found a radiant altar of Vehumet.
  5888 | D:7      | Found a sparkling altar of Nemelex Xobeh.
  6418 | D:7      | Found a burning altar of Makhleb.
  6527 | Temple   | Became a worshipper of Warmaster Okawaru
  6719 | D:8      | Identified a scroll of acquirement
  6719 | D:8      | Acquired the +3 arbalest of Yeast {penet, Int+3}
  6934 | D:8      | Found a flagged portal.
  6943 | Bailey   | Entered a bailey
  7007 | Bailey   | Reached skill level 9 in Ranged Weapons
  7212 | Bailey   | Reached skill level 5 in Fighting
  7238 | Bailey   | Reached * piety under Okawaru
  7255 | Bailey   | Reached skill level 1 in Evocations
  7279 | Bailey   | Reached skill level 1 in Invocations
  7479 | D:8      | Noticed a two-headed ogre
  7521 | D:8      | Reached XP level 10. HP: 47/51 MP: 12/12
  7554 | D:8      | Killed a two-headed ogre
  7554 | D:8      | Reached ** piety under Okawaru
  7806 | D:8      | Reached skill level 10 in Ranged Weapons
  7806 | D:8      | Reached skill level 10 in Stealth
  7834 | D:8      | Found a staircase to the Lair.
  7851 | D:8      | You are sucked into a shaft and drop 1 floor!
  7995 | D:8      | Reached skill level 10 in Dodging
  8360 | D:9      | Noticed a two-headed ogre
  8370 | D:9      | Killed a two-headed ogre
  8370 | D:9      | Reached *** piety under Okawaru
  8447 | D:9      | Noticed Grum
  8450 | D:9      | Killed Grum
  8480 | D:9      | Reached skill level 5 in Evocations
  8481 | D:9      | Reached **** piety under Okawaru
  8483 | D:9      | Noticed a skeletal warrior
  8544 | D:9      | Killed a skeletal warrior
  8545 | D:9      | Reached XP level 11. HP: 39/56 MP: 14/14
  8696 | D:9      | Noticed a two-headed ogre
  8702 | D:9      | Killed a two-headed ogre
  8703 | D:9      | Reached skill level 11 in Ranged Weapons
  9164 | D:9      | Found a shimmering altar of Xom.
  9233 | D:10     | Entered Level 10 of the Dungeon
  9352 | D:10     | Found a staircase to the Orcish Mines.
  9457 | D:10     | Noticed a boulder beetle
  9467 | D:10     | Killed a boulder beetle
  9467 | D:10     | Reached ***** piety under Okawaru
  9602 | D:10     | Noticed a red ugly thing
  9603 | D:10     | Noticed a red ugly thing
  9617 | D:10     | Noticed an eight-headed hydra
  9628 | D:10     | Killed a purple ugly thing
  9639 | D:10     | Killed a white ugly thing
  9650 | D:10     | Killed an eight-headed hydra
  9880 | D:10     | Reached skill level 5 in Invocations
  9991 | D:10     | Found a sacrificial altar of Ru.
 10091 | D:10     | Found a shadowy altar of Dithmenos.
 10091 | D:10     | Found a blossoming altar of Fedhas.
 10097 | D:10     | Found a faded altar of an unknown god.
 10099 | D:10     | Found an opulent altar of Gozag.
 10101 | D:10     | Found a faded altar of an unknown god.
 10174 | D:10     | Noticed a boulder beetle
 10199 | D:10     | Killed a boulder beetle
 10199 | D:10     | Received a gift from Okawaru
 10407 | D:10     | Noticed a seven-headed hydra
 10424 | D:10     | Noticed a wizard
 10428 | D:10     | Killed a seven-headed hydra
 10429 | D:10     | Reached skill level 12 in Ranged Weapons
 10444 | D:10     | Killed a wizard
 10865 | D:10     | Upgraded the game from 0.30-a0-424-g7412bad402 to
                  | 0.30-a0-457-g4b7bca3bfa
 10976 | Lair:1   | Entered Level 1 of the Lair of Beasts
 10983 | Lair:1   | Reached XP level 12. HP: 51/63 MP: 17/17
 11240 | Lair:1   | Reached skill level 1 in Armour
 11258 | Lair:1   | Reached ****** piety under Okawaru
 11549 | Lair:1   | Identified the +4 arbalest "Anuaproa" {flame, Dex+5}
                  | (Okawaru gifted it to you on level 1 of the Lair of Beasts)
 11549 | Lair:1   | Received a gift from Okawaru
 11753 | Lair:1   | Found a blossoming altar of Fedhas.
 11874 | Lair:1   | Found a blossoming altar of Fedhas.
 11891 | Lair:1   | Identified the +3 ring mail "Deugown" {rElec rC+}
 12766 | Lair:2   | Reached skill level 13 in Ranged Weapons
 12773 | Lair:2   | Found a staircase to the Shoals.
 13366 | Lair:3   | Identified the +2 robe "Zugir" {rElec rC- Will+++} (Okawaru
                  | gifted it to you on level 3 of the Lair of Beasts)
 13366 | Lair:3   | Received a gift from Okawaru
 13814 | Lair:3   | Noticed a death yak
 13815 | Lair:3   | Noticed a death yak
 13816 | Lair:3   | Noticed a death yak
 13821 | Lair:3   | Noticed a death yak
 13826 | Lair:3   | Killed a death yak
 13837 | Lair:3   | Noticed a death yak
 14107 | Lair:3   | Reached XP level 13. HP: 68/68 MP: 19/19
 14202 | Lair:3   | Found a staircase to the Snake Pit.
 14885 | Lair:4   | Reached skill level 14 in Ranged Weapons
 14927 | Lair:4   | Reached skill level 10 in Evocations
 15706 | Lair:5   | Entered Level 5 of the Lair of Beasts
 15747 | Lair:5   | Received a gift from Okawaru
 15930 | Lair:5   | Reached skill level 15 in Ranged Weapons
 15934 | Lair:5   | Reached XP level 14. HP: 74/74 MP: 21/21
 15962 | Lair:5   | Identified the +2 robe of the Jackalope {rPois rC+}
                  | (Okawaru gifted it to you on level 5 of the Lair of Beasts)
 15962 | Lair:5   | Received a gift from Okawaru
 16044 | Lair:5   | Engulfed by a fire crab's flame

Illustrated notes

Levels and vault maps discovered:
D:1:      dpeg_arrival_more_subterranean_lakeside_camping, layout_loops_ring,
          serial_forest, infiniplex_forest_lined_3, infiniplex_forest_end_2,
          infiniplex_forest_end_2, infiniplex_forest_straight_2,
          infiniplex_forest_clump_double, chequers_mini_garden, minmay_3d_cube
D:2:      layout_loops_corners
D:3:      minmay_octagon_keep, layout_loops_ring,
          shapermc_ecumenical_altar_mp_urbaneastern, grunt_decor_mini_mirrors
D:4:      layout_basic, gup_ossuary_entry_pyramid, hangedman_decor_riveting
D:5:      layout_basic, mainiacjoe_overflow_chevrons, uniq_sigmund
D:6:      layout_loops_ring, minmay_temple_entry_ruins, minmay_crystal_room,
          mrwooster_statue_mirror, roderic_st_hans_cross
D:7:      layout_basic, chequers_temple_overflow_statue_of_worship,
          nicolae_overflow_hidden_temple, lightli_temple_of_fire,
          mainiacjoe_overflow_large_starburst
D:8:      minmay_clustersquares, layout_basic, david_lair_generic,
          enter_bailey_2
D:9:      minmay_ornate_pinched, layout_basic, mainiacjoe_overflow_alcove_2,
          statue_in_the_mist_lemuel, uniq_grum
D:10:     layout_layer_cave, nicolae_ru_sacrificial_ziggurat,
          chequers_temple_overflow_minitemple, hiddenorc2_lemuel, minivault_28
Temple:   hellmonk_temple_micro_hex
Lair:1:   lemuel_slime, layout_long_grid, basic_altar, special_room
          [special_room_bee], dreamdust_deal_with_the_devil,
          hangedman_tree_tricks, cheibrodos_lair_reptile_den, grunt_megastairs_5
Lair:2:   layout_chaotic_city, minmay_shoals_entry_lonely_mermaid
Lair:3:   layout_regular_city, minmay_snake_entry_six_corridors,
          grunt_megastairs_3
Lair:4:   layout_regular_city
Lair:5:   minmay_lair_end_frog_pond, layout_loops_ring, slime_entry_1,
          serial_bayou_pond_b, infiniplex_staircase_pool

Skill      XL: |  1  2  3  4  5  6  7  8  9 10 11 12 13 14 |
---------------+-------------------------------------------+-----
Stealth        | 2 3 4 5 6 8 9 10 | 10.0
Dodging        | 3 4 5 7 9 10 11 12 14 | 14.3
Fighting       | 2 3 4 5 6 7 8 9 |  9.0
Ranged Weapons | 5 6 7 8 9 10 12 13 15 | 15.0
Evocations     | 2 5 7 9 10 | 10.0
Invocations    | 1 3 5 7 8 |  8.7
Armour         | 2 |  2.0

Action                   |  1- 3 |  4- 6 |  7- 9 | 10-12 | 13-15 || total
-------------------------+-------+-------+-------+-------+-------++-------
Melee: Falchion          |       |     5 |    34 |       |     7 ||    46
       Punch             |       |       |     1 |       |       ||     1
 Fire: Shortbow          |   124 |   133 |   210 |       |       ||   467
       Arbalest          |       |       |   116 |   571 |   255 ||   942
Evoke: Wand              |       |       |       |     4 |     1 ||     5
  Use: Scroll            |       |       |     9 |    27 |       ||    36
 Stab: Sleeping          |       |       |     3 |       |       ||     3
Armor: Robe              |     4 |     1 |     4 |       |       ||     9
       Steam dragon scal |       |       |     4 |     8 |       ||    12
       Troll leather arm |       |       |       |    14 |     7 ||    21
Dodge: Dodged            |    34 |    22 |    96 |   427 |    96 ||   675

Table legend: (Time is in decaauts)
 A = Elapsed time spent in this place.
 B = Non-inter-level travel time spent in this place.
 C = Inter-level travel time spent in this place.
 D = Time resting spent in this place.
 E = Time spent auto-exploring this place.
 F = Levels seen in this place.
 G = Mean time per level.
                   A        B        C        D        E       F      G
               +--------+--------+--------+--------+--------+-----+--------+
         Total |  11409 |  10672 |    737 |   1024 |   6063 |  18 |  633.8 |
       Dungeon |   7310 |   6747 |    563 |    585 |   4142 |  10 |  731.0 |
        Temple |     17 |     13 |      4 |      0 |      0 |   1 |   17.0 |
          Lair |   3424 |   3255 |    169 |    370 |   1660 |   5 |  684.8 |
       Ossuary |    332 |    332 |      0 |      0 |    223 |   1 |  332.0 |
        Bailey |    324 |    324 |      0 |     69 |     37 |   1 |  324.0 |
               +--------+--------+--------+--------+--------+-----+--------+

Top non-repeatable levels by time:
    D:10: 1295 daAuts
  Lair:1: 1179 daAuts
     D:7: 1081 daAuts
     D:8: 870 daAuts
     D:9: 799 daAuts
  Lair:3: 750 daAuts
     D:3: 638 daAuts
  Lair:4: 618 daAuts
  Lair:2: 610 daAuts
     D:1: 604 daAuts
     D:2: 581 daAuts
     D:4: 577 daAuts
     D:6: 468 daAuts
     D:5: 394 daAuts
 Ossuary: 332 daAuts
